 Dungeon Crawl Stone Soup version 0.31-a0-167-g1c394c0614 (webtiles) character file.

Game seed: 13073799064476829786

17929 pokeman the Eclecticist (level 12, -3/68 HPs)
             Began as a Deep Elf Hedge Wizard on June 14, 2023.
             Was a Priest of Vehumet.
             Slain by a troll (4 damage)
             ... while petrified by Jorgrun
             ... on level 13 of the Dungeon.
             The game lasted 00:35:17 (15226 turns).

pokeman the Eclecticist (Deep Elf Hedge Wizard)    Turns: 15226, Time: 00:35:18

Health: -3/68      AC: 16    Str: 10    XL:     12   Next: 23%
Magic:  30/34      EV: -1    Int: 33    God:    Vehumet [***...]
Gold:   746        SH:  0    Dex: 26    Spells: 28/44 levels left

rFire   . . .        N - +2 dagger (venom)
rCold   . . .        (no shield)
rNeg    + + +        A - +0 acid dragon scales
rPois   ∞            a - +0 helmet
rElec   +            x - +3 cloak of Postref {rElec Int+2 Dex+3}
rCorr   +            S - +2 pair of gloves {Str+3}
SInv    .            o - +0 pair of boots
Will    +....        s - amulet of the acrobat
Stlth   +++          R - +6 ring of intelligence
HPRegen 0.31/turn    w - ring of Lapnuaja {rPois Dex+9}
MPRegen 0.24/turn

%: acrobat
@: petrified, grasped by roots, constricted
A: no striking features
a: Renounce Religion


You were on level 13 of the Dungeon.
You worshipped Vehumet.
Vehumet was most pleased with you.
You visited 2 branches of the dungeon, and saw 14 of its levels.
You also visited: Sewer.

You collected 847 gold pieces.
You spent 101 gold pieces at shops.

Inventory:

Hand Weapons
 N - a +2 dagger of venom (weapon)
Missiles
 j - 4 curare-tipped darts
Armour
 a - a +0 helmet (worn)
 o - a +0 pair of boots (worn)
 x - the +3 cloak of Postref (worn) {rElec Int+2 Dex+3}
   (You found it on level 4 of the Dungeon)

   Int:       It affects your intelligence (+2).
   Dex:       It affects your dexterity (+3).
   rElec:     It insulates you from electricity.
 A - +0 acid dragon scales (worn)
 S - a +2 pair of gloves of strength (worn)
Magical Staves
 Q - a staff of conjuration
Jewellery
 s - an amulet of the acrobat (around neck)
 u - a ring of see invisible
 w - the ring of Lapnuaja (right hand) {rPois Dex+9}
   (You found it on level 3 of the Dungeon)

   [ring of poison resistance]

   Dex:       It affects your dexterity (+9).
   rPois:     It protects you from poison.
 R - a +6 ring of intelligence (left hand)
Wands
 O - a wand of charming (16)
 W - a wand of roots (7)
 Z - a wand of mindburst (6)
Scrolls
 f - 5 scrolls of identify {unknown}
 g - 4 scrolls of teleportation {unknown}
 h - a scroll of acquirement {unknown}
 i - 3 scrolls of amnesia {unknown}
 p - 4 scrolls of revelation {unknown}
 q - 4 scrolls of noise {unknown}
 r - 2 scrolls of enchant weapon {unknown}
 y - a scroll of butterflies {unknown}
 D - a scroll of blinking
 E - 2 scrolls of fear {unknown}
 K - 2 scrolls of enchant armour {unknown}
 L - a scroll of torment {unknown}
 X - a scroll of vulnerability {unknown}
Potions
 b - a potion of degeneration {unknown}
 d - 2 potions of magic
 e - 2 potions of might {unknown}
 k - 4 potions of curing
 m - 3 potions of attraction {unknown}
 n - 2 potions of brilliance {unknown}
 t - 2 potions of haste {unknown}
 v - 4 potions of enlightenment {unknown}
 z - 5 potions of lignification {unknown}
 F - 6 potions of mutation {unknown}
 G - 2 potions of heal wounds {unknown}
 I - a potion of invisibility {unknown}
 J - a potion of berserk rage {unknown}
Miscellaneous
 U - a sack of spiders
 V - a condenser vane


   Skills:
 - Level 5.0 Fighting
 - Level 3.1 Armour
 - Level 3.0 Dodging
 - Level 3.0 Stealth
 + Level 4.0 Shields
 * Level 16.8 Spellcasting
 + Level 10.1 Conjurations
 + Level 9.6 Summonings
 - Level 1.0 Necromancy
 - Level 1.1 Translocations
 - Level 1.2 Ice Magic
 - Level 1.1 Air Magic
 - Level 1.0 Poison Magic
 - Level 1.0 Evocations


You had 28 spell levels left.
You knew the following spells:

 Your Spells              Type           Power      Damage    Failure   Level
a - Magic Dart            Conj           100%       1d8       1%          1
b - Mephitic Cloud        Conj/Pois/Air  53%        N/A       1%          3
c - Call Imp              Summ           100%       N/A       1%          2
d - Blink                 Tloc           70%        N/A       2%          2
e - Call Canine Familiar  Summ           74%        N/A       1%          3
f - Freezing Cloud        Conj/Ice/Air   26%        6-21      3%          5

Your spell library contained the following spells:

 Spells                   Type           Power      Damage    Failure   Level
 Frozen Ramparts          Ice            72%        1d11      1%          3
 Freeze                   Ice            100%       1d10      1%          1
 Summon Small Mammal      Summ           100%       N/A       1%          1
 Poisonous Vapours        Pois/Air       70%        N/A       1%          2
 Summon Guardian Golem    Hex/Summ       56%        N/A       1%          3
 Slow                     Hex            100%       N/A       2%          1
 Cigotuvi's Dreadful Rot  Necr/Pois/Air  68%        N/A       2%          2
 Ensorcelled Hibernation  Hex/Ice        62%        N/A       2%          2
 Ozocubu's Armour         Ice            36%        N/A       4%          3
 Vampiric Draining        Necr           34%        2d8       4%          3
 Portal Projectile        Hex/Tloc       62%        N/A       5%          3
 Spider Form              Tmut/Pois      31%        N/A       5%          3
 Confusing Touch          Hex            27%        N/A       7%          3
 Anguish                  Hex/Necr       15%        N/A       19%         4
 Leda's Liquefaction      Hex/Erth       13%        N/A       22%         4
 Ozocubu's Refrigeration  Ice            18%        4d11      93%         7


Dungeon Overview and Level Annotations

Branches:
Dungeon (13/15)            Temple (1/1) D:7            Lair (0/5) D:8
    Orc (0/2) D:11          Sewer (visited)
 Vaults: D:13-14

Altars:
Ashenzari
Cheibriados
Fedhas
Gozag
Hepliaklqana
Makhleb
Qazlal
Ru
Sif Muna
Trog
Uskayaw
Vehumet
Yredelemnul
The Shining One

Shops:
D:6 *

Annotations:
D:7 3 runed translucent doors, jasper's ghost, novice DgEE
D:12 1 runed translucent door, olmar's ghost, journeyman GnWr
D:13 1 runed translucent door, Jorgrun; Nessos


Message History

Nessos is engulfed in noxious fumes.
Nessos appears confused.
Unknown command.
Unknown command.
You hit Nessos but do no damage.
Nessos is engulfed in noxious fumes.
Nessos appears confused.
Nessos unwields a +2 longbow of flaming.
It stops flaming.
Nessos hits you! Nessos barely misses you.
Nessos is engulfed in noxious fumes.
Nessos appears confused.
You hear a grinding noise.
Unknown command.
Nessos is engulfed in noxious fumes. x2; Nessos completely misses you. x2
Nessos is engulfed in noxious fumes.
Nessos appears confused.
You hear a grinding noise.
Jorgrun casts a spell at you.
You are slowing down.
Nessos hits themself.
Nessos kicks themself.
Nessos yells, "Get them off me!"
Jorgrun gestures at you while chanting.
Your limbs have turned to stone.
You have turned to stone.
Jorgrun casts a spell at you.
You shatter!!!
* * * LOW HITPOINT WARNING * * *
Jorgrun gestures next to you while chanting.
The wall shatters!
The blast of rock fragments hits you but does no damage.
The troll bites you but does no damage. The troll claws you!
* * * LOW HITPOINT WARNING * * *
The troll claws you but does no damage. Jorgrun gestures at you while chanting.
Roots burst forth from the earth!
The grasping roots grab you! The grasping roots constrict you!
* * * LOW HITPOINT WARNING * * *
The troll bites you but does no damage.
The troll claws you but does no damage. x2
Nessos mumbles something.
The grasping roots constrict you!
* * * LOW HITPOINT WARNING * * *
The troll bites you but does no damage. The troll claws you but does no damage.
The troll claws you!
You die...

#################
..............).#
.............##)#
..(....<.....##.##
##...........##..# ##
##......)....##).# #.#
........#######)@####.#####
.......>........T..........
######..#######.g##.######
#.....# #..c..# #.###.#
##..#T# # #.# #####.##.#
#.# .........# #.#
.........# #.# ........h#


You could see Jorgrun, Nessos (fast, confused) and a troll.

Vanquished Creatures
  Erolcha (D:13)
  2 boulder beetles
  3 centaur warriors (D:13)
  4 two-headed ogres
  2 cyclopes
  2 manticores
  A gargoyle (D:12)
  An unseen horror zombie (D:9)
  A tengu conjurer (D:13)
  An unseen horror (D:12)
  2 komodo dragons (D:11)
  2 trolls
  Prince Ribbit (D:8)
  3 yaks (D:10)
  2 shadows
  A wyvern (D:11)
  2 steam dragons
  A basilisk (D:13)
  4 vampire mosquitoes (D:12)
  2 acid dragons
  A sky beast (D:7)
  3 orc warriors
  3 ice beasts
  An ogre (D:5)
  8 centaurs
  4 phantoms
  2 kobold brigands
  2 gnoll sergeants (D:10)
  2 bullfrogs (Sewer)
  2 scorpions
  A jelly (D:5)
  17 killer bees
  3 electric eels
  4 howler monkeys
  3 centaur zombies (D:9)
  2 hounds
  Crazy Yiuf (D:5)
  6 orc priests
  2 sleepcaps
  5 iguanas
  18 orc wizards
  A killer bee zombie (D:9)
  11 gnolls
  9 adders
  A river rat (D:5)
  3 shadow imps
  3 white imps
  2 worms
  A dart slug (D:5)
  18 orcs
  11 ball pythons
  15 endoplasms
  11 giant cockroaches
  9 goblins
  7 hobgoblins
  20 quokkas
  4 bats
  8 frilled lizards
  12 kobolds
  8 rats
282 creatures vanquished.

Vanquished Creatures (collateral kills)
  A manticore (D:12)
  3 unseen horror zombies (D:9)
  A troll (D:11)
  A shadow (D:12)
  3 wights (D:7)
  A killer bee (D:8)
  A howler monkey (D:9)
  A centaur zombie (D:9)
  A killer bee zombie (D:9)
  An orc (D:8)
14 creatures vanquished.

Vanquished Creatures (others)
  A wraith (D:13)
  A sky beast (D:7)
  A killer bee (D:9)
  An orc wizard (D:5)
4 creatures vanquished.

Grand Total: 300 creatures vanquished

Notes
Turn   | Place    | Note
-------+----------+-------------------------------------------
     0 | D:1      | pokeman the Deep Elf Hedge Wizard began the quest for the
                  | Orb.
     0 | D:1      | Reached XP level 1. HP: 10/10 MP: 7/7
   424 | D:1      | Reached XP level 2. HP: 15/15 MP: 7/9
  1349 | D:1      | Reached skill level 5 in Spellcasting
  1733 | D:2      | Reached XP level 3. HP: 20/20 MP: 9/11
  1737 | D:2      | Learned a level 3 spell: Mephitic Cloud
  1740 | D:2      | Learned a level 2 spell: Call Imp
  1743 | D:2      | Learned a level 2 spell: Blink
  2141 | D:2      | Reached skill level 1 in Fighting
  2302 | D:3      | Reached skill level 1 in Armour
  2544 | D:3      | Found a blossoming altar of Fedhas.
  2572 | D:3      | Reached XP level 4. HP: 25/25 MP: 8/13
  2752 | D:3      | Identified the ring of Lapnuaja {rPois Dex+9}
  3424 | D:4      | Noticed a phantom
  3429 | D:4      | Reached skill level 6 in Spellcasting
  3429 | D:4      | Reached XP level 5. HP: 25/29 MP: 8/15
  3568 | D:4      | Killed a phantom
  3699 | D:4      | Identified the +3 cloak of Postref {rElec Int+2 Dex+3}
  3887 | D:4      | Reached skill level 1 in Poison Magic
  3887 | D:4      | Reached skill level 1 in Evocations
  4071 | D:4      | Reached skill level 1 in Air Magic
  4071 | D:4      | Reached XP level 6. HP: 28/34 MP: 10/17
  4185 | D:4      | Found a hazy altar of Hepliaklqana.
  4490 | D:4      | Found a bloodstained altar of Trog.
  4498 | D:4      | Found a hide-covered altar of Uskayaw.
  4795 | D:5      | Entered Level 5 of the Dungeon
  4813 | D:5      | Found a runed translucent door.
  4814 | D:5      | Noticed Crazy Yiuf
  4825 | D:5      | Killed Crazy Yiuf
  5002 | D:5      | Reached skill level 7 in Spellcasting
  5061 | D:5      | Reached XP level 7. HP: 37/39 MP: 5/20
  5228 | D:5      | Reached skill level 8 in Spellcasting
  5238 | D:5      | Found a glowing drain.
  5242 | Sewer    | Entered a sewer
  6105 | D:5      | Found a snail-covered altar of Cheibriados.
  6168 | D:5      | Reached XP level 8. HP: 44/44 MP: 16/22
  6274 | D:5      | Reached skill level 9 in Spellcasting
  6438 | D:5      | Reached skill level 5 in Conjurations
  6497 | D:5      | Identified the +3 plate armour of the Stained God {rElec
                  | rF+}
  6506 | D:5      | Found a radiant altar of Vehumet.
  6523 | D:5      | Became a worshipper of Vehumet
  6601 | D:6      | Found Ashrimevi's Assorted Antiques.
  6609 | D:6      | Bought a scroll labelled JAENIXORUI for 22 gold pieces
  6609 | D:6      | Bought a scroll labelled NUEMEM GISTRUYR for 22 gold pieces
  6609 | D:6      | Bought a sedimented yellow potion for 19 gold pieces
  6609 | D:6      | Bought a metallic golden potion for 19 gold pieces
  6609 | D:6      | Bought a silvery potion for 19 gold pieces
  6917 | D:6      | Found a shimmering blue altar of Sif Muna.
  7084 | D:6      | Reached skill level 10 in Spellcasting
  7426 | D:6      | Got Sif Muna's Book of the Blizzard
  7479 | D:7      | Learned a level 3 spell: Call Canine Familiar
  7515 | D:7      | Learned a level 5 spell: Freezing Cloud
  7548 | D:7      | Found a staircase to the Ecumenical Temple.
  7641 | D:7      | Reached * piety under Vehumet
  7641 | D:7      | Offered knowledge of Shock by Vehumet.
  7644 | D:7      | Reached skill level 1 in Necromancy
  7645 | D:7      | Found a runed translucent gate.
  7645 | D:7      | Found a runed translucent gate.
  7645 | D:7      | Found a runed translucent gate.
  7651 | D:7      | Reached skill level 1 in Ice Magic
  7651 | D:7      | Noticed jasper's ghost (novice DgEE)
  7668 | D:7      | Reached XP level 9. HP: 47/48 MP: 17/25
  7668 | D:7      | Noticed a kobold demonologist
  7770 | D:7      | Reached skill level 5 in Summonings
  7896 | D:7      | Reached skill level 11 in Spellcasting
  8648 | D:8      | Found a staircase to the Lair.
  8699 | D:8      | Reached ** piety under Vehumet
  8732 | D:8      | Noticed Prince Ribbit
  8740 | D:8      | Killed Prince Ribbit
  8741 | D:8      | Reached skill level 12 in Spellcasting
  9080 | D:8      | Found an opulent altar of Gozag.
  9111 | D:8      | Found a burning altar of Makhleb.
  9442 | D:8      | Offered knowledge of Momentum Strike by Vehumet.
  9580 | D:9      | Noticed a troll
  9588 | D:9      | Killed a troll
  9679 | D:9      | Reached XP level 10. HP: 56/56 MP: 26/28
  9686 | D:9      | Noticed a two-headed ogre
  9695 | D:9      | Killed a two-headed ogre
  9728 | D:9      | Noticed a two-headed ogre
  9755 | D:9      | Killed a two-headed ogre
  9756 | D:9      | Reached skill level 13 in Spellcasting
 10017 | D:9      | Found a basalt altar of Yredelemnul.
 10293 | D:9      | Reached skill level 14 in Spellcasting
 10616 | D:10     | Entered Level 10 of the Dungeon
 10833 | D:10     | Noticed a two-headed ogre
 10842 | D:10     | Killed a two-headed ogre
 10906 | D:10     | Found a sacrificial altar of Ru.
 10913 | D:10     | Reached skill level 5 in Fighting
 10924 | D:10     | Reached XP level 11. HP: 63/63 MP: 28/31
 10939 | D:10     | Offered knowledge of Inner Flame by Vehumet.
 11231 | D:10     | Found a broken altar of Ashenzari.
 11271 | D:10     | Noticed a two-headed ogre
 11302 | D:10     | Killed a two-headed ogre
 11303 | D:10     | Reached skill level 1 in Shields
 11448 | D:10     | Reached *** piety under Vehumet
 12092 | D:11     | Reached skill level 15 in Spellcasting
 12211 | D:11     | Found a staircase to the Orcish Mines.
 12489 | D:11     | Noticed a boulder beetle
 12552 | D:11     | Killed a boulder beetle
 13489 | D:12     | Offered knowledge of Frozen Ramparts by Vehumet.
 13709 | D:12     | Noticed a boulder beetle
 13720 | D:12     | Killed a boulder beetle
 13721 | D:12     | Reached skill level 16 in Spellcasting
 13944 | D:12     | Found a runed translucent door.
 13944 | D:12     | Noticed a deep elf annihilator
 13944 | D:12     | Noticed olmar's ghost (journeyman GnWr)
 14122 | Temple   | Entered the Ecumenical Temple
 14364 | D:13     | Noticed a white ugly thing
 14466 | D:13     | Noticed a centaur warrior
 14491 | D:13     | Killed a centaur warrior
 14591 | D:13     | Identified the +1 quarterstaff "Dragon's Tongue" {venom,
                  | SInv}
 14754 | D:13     | Found a runed translucent door.
 14761 | D:13     | Noticed a fire crab
 14765 | D:13     | Noticed a centaur warrior
 14771 | D:13     | Reached XP level 12. HP: 61/68 MP: 24/34
 14771 | D:13     | Killed a centaur warrior
 14799 | D:13     | Noticed Erolcha
 14805 | D:13     | Killed Erolcha
 14943 | D:13     | Reached skill level 10 in Conjurations
 14945 | D:13     | Noticed a centaur warrior
 14950 | D:13     | HP: 2/68 [centaur warrior/arrow (15)]
 14950 | D:13     | Killed a centaur warrior
 15209 | D:13     | Noticed Nessos
 15210 | D:13     | Noticed Jorgrun
 15226 | D:13     | HP: 1/68 [constriction (8)]
 15226 | D:13     | Slain by a troll

Illustrated notes

Levels and vault maps discovered:
D:1:      dreamdust_arrival_beginning_and_end, layout_basic,
          grunt_decor_mini_mirrors, chequers_garden, minivault_19
D:2:      layout_loops_cross
D:3:      layout_basic, mainiacjoe_overflow_concentric_impassable
D:4:      layout_cave_pods, mainiacjoe_overflow_paths,
          mainiacjoe_overflow_catwalk_spiral, minmay_misc_feat_pillars
D:5:      minmay_spotlight, layout_basic, kennysheep_slug_shrine,
          nicolae_vehumet_altar_sigil, gup_sewer_entry_spiral,
          uniq_crazy_yiuf_cottage
D:6:      layout_rooms, led_sif_book, serial_shops, shop
D:7:      layout_cave_pods, minmay_temple_entry_slanted,
          gammafunk_ghost_nasty_kobolds, minmay_crystal_room
D:8:      layout_basic, mainiacjoe_overflow_two_lobes, lair_entry_dummy,
          uniq_prince_ribbit1
D:9:      layout_small_grid, nicolae_yredelemnul_corpse_copse
D:10:     layout_stronghold, kennysheep_mini_moat,
          mainiacjoe_overflow_tiny_flanked
D:11:     layout_basic, orc_0_dummy, roderic_lattice_a,
          dreamdust_princess_corridor, minivault_4
D:12:     layout_roguey, ebering_ghost_inner_flame
D:13:     gammafunk_mikee_crab_dinner, layout_basic, serial_bayou_lake_a,
          uniq_jorgrun, uniq_erolcha, uniq_nessos
Temple:   compressed_dpeg_circular_temple

Skill      XL: |  1  2  3  4  5  6  7  8  9 10 11 12 |
---------------+-------------------------------------+-----
Spellcasting   | 5 6 7 8 10 12 14 16 | 16.8
Fighting       | 1 2 3 5 |  5.0
Armour         | 1 3 |  3.1
Conjurations   | 2 3 4 5 7 8 9 10 | 10.1
Dodging        | 3 |  3.0
Stealth        | 3 |  3.0
Poison Magic   | 1 |  1.0
Evocations     | 1 |  1.0
Air Magic      | 1 |  1.1
Summonings     | 2 3 4 6 7 9 |  9.6
Necromancy     | 1 |  1.0
Ice Magic      | 1 |  1.2
Shields        | 3 4 |  4.0
Translocations | |  1.1

Action                     |  1- 3 |  4- 6 |  7- 9 | 10-12 || total
---------------------------+-------+-------+-------+-------++-------
  Melee: Dagger            |    20 |    29 |   193 |   158 ||   400
         Punch             |       |       |       |     3 ||     3
   Cast: Magic Dart        |    95 |   100 |   254 |    71 ||   520
         Mephitic Cloud    |     2 |     4 |    30 |    36 ||    72
         Call Imp          |       |     1 |     2 |       ||     3
         Blink             |       |       |     3 |     1 ||     4
         Call Canine Famil |       |       |     7 |    13 ||    20
         Freezing Cloud    |       |       |       |    31 ||    31
    Use: Scroll            |       |       |       |     2 ||     2
   Stab: Confused          |     1 |     2 |    25 |    20 ||    48
         Sleeping          |       |       |     3 |       ||     3
         Distracted        |       |       |     1 |       ||     1
 Armour: Robe              |     8 |    15 |    25 |       ||    48
         Skin              |       |       |     2 |       ||     2
         Steam dragon scal |       |       |    34 |    75 ||   109
         Acid dragon scale |       |       |       |    11 ||    11
  Dodge: Dodged            |    17 |    25 |   176 |   216 ||   434

Table legend: (Time is in decaauts)
 A = Elapsed time spent in this place.
 B = Non-inter-level travel time spent in this place.
 C = Inter-level travel time spent in this place.
 D = Time resting spent in this place.
 E = Time spent auto-exploring this place.
 F = Levels seen in this place.
 G = Mean time per level.
                   A        B        C        D        E       F      G
               +--------+--------+--------+--------+--------+-----+--------+
         Total |  15337 |  14671 |    666 |    569 |  11689 |  15 | 1022.5 |
       Dungeon |  14486 |  13822 |    664 |    569 |  11038 |  13 | 1114.3 |
        Temple |     30 |     28 |      2 |      0 |      0 |   1 |   30.0 |
         Sewer |    820 |    820 |      0 |      0 |    650 |   1 |  820.0 |
               +--------+--------+--------+--------+--------+-----+--------+

Top non-repeatable levels by time:
     D:1: 1454 daAuts
     D:4: 1377 daAuts
    D:11: 1316 daAuts
    D:12: 1281 daAuts
     D:7: 1196 daAuts
     D:3: 1186 daAuts
    D:10: 1174 daAuts
     D:9: 1072 daAuts
     D:5: 1022 daAuts
     D:8: 1006 daAuts
     D:6: 879 daAuts
     D:2: 829 daAuts
   Sewer: 820 daAuts
    D:13: 688 daAuts
  Temple: 30 daAuts
